 Dungeon Crawl Stone Soup version 0.22-a0-282-gdd34a7d (webtiles) character file.

42 vishdafish the Skirmisher (level 3, 0/33 HPs)
             Began as a Hill Orc Fighter on Mar 18, 2018.
             Slain by Sigmund
             ... wielding a cursed -1 scythe
              (9 damage)
             ... on level 2 of the Dungeon.
             The game lasted 00:01:16 (693 turns).

vishdafish the Skirmisher (Hill Orc Fighter)         Turns: 693, Time: 00:01:17

Health: 0/33       AC:  9    Str: 23    XL:     3   Next: 54%
Magic:  3/3        EV:  6    Int:  9    God:
Gold:   98         SH:  9    Dex: 10    Spells: 2/2 levels left

rFire    . . .     SeeInvis .   a - +0 war axe
rCold    . . .     Gourm    .   c - +0 shield
rNeg     . . .     Faith    .   h - +0 chain mail (curse)
rPois    .         Spirit   .   (no helmet)
rElec    .         Reflect  .   (no cloak)
rCorr    .         Harm     .   (no gloves)
MR       .....                  (no boots)
Stlth    ..........             (no amulet)
HPRegen  0.11/turn              (no ring)
MPRegen  0.08/turn              (no ring)

@: mighty
A: no striking features
a: no special abilities


You were on level 2 of the Dungeon.
You were not hungry.

You visited 1 branch of the dungeon, and saw 2 of its levels.

You collected 98 gold pieces.

Inventory:

Hand Weapons
 a - a +0 war axe (weapon)
Armour
 b - a +0 scale mail
 c - a +0 shield (worn)
 h - a cursed +0 chain mail (worn)
Scrolls
 g - a scroll of teleportation {unknown}
 i - a scroll of enchant weapon {unknown}
 j - a scroll of random uselessness {unknown}
 k - a scroll of remove curse {unknown}
 l - a scroll of amnesia {unknown}
Potions
 e - 3 potions of curing
 m - a potion of brilliance {unknown}
Comestibles
 f - a ration


   Skills:
 + Level 3.9 Fighting
 * Level 3.7 Axes
 + Level 3.5 Armour
 + Level 0.9 Dodging
 + Level 3.5 Shields


You had 2 spell levels left.
You didn't know any spells.

Dungeon Overview and Level Annotations

Branches:
Dungeon (2/15)

Altars:

Annotations:
D:2 Sigmund


Message History

You bump into the rock wall.
You bump into the rock wall.
Sigmund barely misses you.
You bump into the rock wall.
Sigmund hits you from afar with an enchanted scythe.
You bump into the rock wall.
You bump into the rock wall.
Sigmund gestures at you while chanting.
You are more confused.
You bump into the rock wall.
Sigmund completely misses you.
You bump into the rock wall.
Sigmund mumbles some strange words.
Sigmund flickers and vanishes!
Deactivating autopickup; reactivate with Ctrl-A.
It was a potion of curing.
You feel better. Something hits you.
You feel very mighty all of a sudden. Something hits you.
You barely miss something. Something hits you!
* * * LOW HITPOINT WARNING * * *
You closely miss something. Something hits you!
You die...

........#
#...........#
.........
#.####.##'#.#
#.# #.#..#.#
#.# +.'..#.#
#.#+##.####.#
#..(........#
#.#'##.####.#
#.#.†#.# .#
#@#..+.+
#{####.# #..
... #.## #.#
#.# .# #.#
#.# #..


There were no monsters in sight!

Vanquished Creatures
  An adder (D:2)
  2 leopard geckos
  A bat (D:1)
  3 giant cockroaches (D:1)
  4 goblins
  6 hobgoblins
  5 kobolds
  A frilled lizard (D:2)
  3 rats
26 creatures vanquished.

Notes
Turn   | Place    | Note
-------+----------+-------------------------------------------
     0 | D:1      | vishdafish the Hill Orc Fighter began the quest for the Orb.
     0 | D:1      | Reached XP level 1. HP: 19/19 MP: 1/1
    72 | D:1      | Reached XP level 2. HP: 27/27 MP: 2/2
   551 | D:2      | Reached XP level 3. HP: 29/33 MP: 3/3
   672 | D:2      | Noticed Sigmund
   693 | D:2      | Slain by Sigmund

Vault maps used:
D:1:      eino_arrival_cavern_b
D:2:      minmay_door_path, lemuel_crystal_altar,
          gammafunk_temple_overflow_statue, grunt_decor_cap, uniq_sigmund,
          uniq_crazy_yiuf_cottage

Skill      XL: |  1 |
---------------+----+-----
Axes           | 3 |  3.7
Fighting       | |  3.9
Armour         | |  3.5
Dodging        | |  0.9
Shields        | |  3.5

Action                   || total
-------------------------++-------
Melee: War axe           ||   125
  Use: Potion            ||     2
Armor: Chain mail        ||    74
Dodge: Dodged            ||    38
Block: Shield            ||    63

Table legend:
 A = Spawn XP
 B = Non-spawn XP
 C = Spawn XP percentage of total XP
 D = Spawn monster count
 E = Non-spawn monster count
 F = Spawn count percentage of total count
 G = Total turns spent on level
                    A         B        C        D         E        F      G
               +---------+---------+-------+---------+---------+-------+---------
         Total |       0 |      60 |   0.0 |       0 |      26 |   0.0 |   693
               +---------+---------+-------+---------+---------+-------+---------
           D:1 |       0 |      33 |   0.0 |       0 |      18 |   0.0 |   535
           D:2 |       0 |      27 |   0.0 |       0 |       8 |   0.0 |   158
               +---------+---------+-------+---------+---------+-------+---------
